 Dungeon Crawl Stone Soup version 0.31-a0-366-ga77b45bd9b (webtiles) character file.

Game seed: 245803681213581370

483 AdnanSaban the Covered (level 7, -1/44 HPs)
             Began as a Gargoyle Fighter on July 28, 2023.
             Was a Follower of Okawaru.
             Slain by a black bear (4 damage)
             ... on level 4 of the Dungeon.
             The game lasted 00:02:50 (3538 turns).

AdnanSaban the Covered (Gargoyle Fighter)           Turns: 3538, Time: 00:02:51

Health: -1/44      AC: 17    Str: 22    XL:     7   Next: 12%
Magic:  7/7        EV:  6    Int:  8    God:    Okawaru [*.....]
Gold:   150        SH:  5    Dex: 15    Spells: 6/6 levels left

rFire   . . .        a - +0 flail
rCold   . . .        c - +0 buckler
rNeg    + . .        l - +0 plate armour
rPois   ∞            (no helmet)
rElec   +            (no cloak)
rCorr   .            (no gloves)
SInv    .            (no boots)
Will    .....        (no amulet) Stlth
                     n - +4 ring of slaying
HPRegen 0.27/turn    s - +6 ring of dexterity
MPRegen 0.10/turn

%: no passive effects
@: no status effects
A: sickness immunity, AC +4, negative energy resistance 1, electricity
resistance, torment resistance 1, petrification resistance
a: Renounce Religion, Heroism


You were on level 4 of the Dungeon.
You worshipped Okawaru.
Okawaru was aware of your devotion.
You visited 2 branches of the dungeon, and saw 6 of its levels.

You collected 150 gold pieces.

Inventory:

Hand Weapons
 a - a +0 flail (weapon)
Missiles
 p - 5 poisoned darts
 r - 2 boomerangs (quivered)
Armour
 b - a +0 scale mail
 c - a +0 buckler (worn)
 l - a +0 plate armour (worn)
Jewellery
 n - a +4 ring of slaying (left hand)
 s - a +6 ring of dexterity (right hand)
Scrolls
 h - a scroll of acquirement {unknown}
 i - a scroll of teleportation {unknown}
 o - 3 scrolls of blinking {unknown}
 q - 5 scrolls of identify {unknown}
Potions
 d - 2 potions of might
 e - a potion of enlightenment {unknown}
 f - 3 potions of curing {unknown}
 g - a potion of berserk rage {unknown}
 j - a potion of degeneration {unknown}
 k - a potion of heal wounds {unknown}
 m - a potion of haste {unknown}
 t - a potion of resistance {unknown}
 u - a potion of cancellation {unknown}


   Skills:
 + Level 4.5 Fighting
 + Level 4.9 Maces & Flails
 + Level 5.2 Armour
 + Level 0.8 Dodging
 + Level 4.4 Shields


You had 6 spell levels left.
You didn't know any spells.
Your spell library contained the following spells:

 Spells                   Type           Power      Damage    Failure   Level
 Vhi's Electric Charge    Tloc/Air       0%         N/A       100%        3
 Arcjolt                  Conj/Air       0%         1d10      100%        5
 Plasma Beam              Fire/Air       0%         2x1d10    100%        6


Dungeon Overview and Level Annotations

Branches:
Dungeon (5/15)             Temple (1/1) D:4

Altars:
Cheibriados
Dithmenos
Elyvilon
Gozag
Hepliaklqana
Kikubaaqudgha
Makhleb
Nemelex Xobeh
Okawaru
Qazlal
Ru
Trog
Uskayaw
Vehumet
Wu Jian
Xom
Yredelemnul
The Shining One

Annotations:
Temple 2 transporters


Innate Abilities, Weirdness & Mutations

You are immune to sickness and miasma.
Your stone body is resilient. (AC +4)
You are immune to poison.
You resist negative energy. (rN+)
You are resistant to electric shocks. (rElec)
You are resistant to unholy torment.
You are immune to petrification.


Message History

The ogre hits you with a +0 giant club.
You barely miss the ogre.
The ogre is heavily wounded.
The black bear barely misses you. You block the black bear's attack.
The black bear claws you but does no damage.
The ogre hits you with a +0 giant club!
The black bear bites you but does no damage.
The black bear claws you but does no damage.
The black bear closely misses you.
You barely miss the ogre.
The ogre is heavily wounded.
The black bear bites you but does no damage.
The black bear claws you but does no damage.
The black bear barely misses you. The ogre hits you with a +0 giant club!
* * * LOW HITPOINT WARNING * * *
You sock the ogre!
You kill the ogre!
Okawaru accepts your kill. The black bear bites you.
* * * LOW HITPOINT WARNING * * *
The black bear barely misses you.
The black bear claws you but does no damage.
You have reached level 7!
The black bear attacks as you move away!
The black bear bites you but does no damage.
The black bear claws you but does no damage. x2
Things that are here:
a +0 giant club; a +0 spear; an ogre corpse
Things that are here:
a +0 spear; a gnoll corpse The black bear attacks as you move away!
The black bear bites you but does no damage.
The black bear claws you.
* * * LOW HITPOINT WARNING * * *
The black bear claws you but does no damage.
The black bear attacks as you move away!
The black bear bites you but does no damage.
The black bear claws you but does no damage.
The black bear claws you.
You die...

#.....# #.###.# ############.#
#.# #............# #)#
#'###....##### #>##############
...##....# #)#............#
...##....# #)#.##########.#
...##....# #h#...#......#.#
#'###....#######@###.#.###.##.#
#.##...............#.#.#.#.##.#
#.##.....#######.#.#.#.#.#.##.#
#.##.....# #.#.#.....#.##.#
.........# ###'#.#.##..#.##.#
#.######## #.......#.#.8.##.#
..# #....#####.....#.### ######
#....'<...8.>.8....# .....#
#....#####.....#.#.#


You could see a black bear.

Vanquished Creatures
  An ice beast (D:4)
  An ogre (D:4)
  A howler monkey (D:4)
  2 hounds (D:4)
  An iguana (D:4)
  3 gnolls (D:4)
  8 adders
  4 worms
  A dart slug (D:3)
  3 endoplasms
  5 giant cockroaches
  3 hobgoblins
  7 kobolds
  7 quokkas
  9 ball pythons
  7 bats
  5 frilled lizards
  5 goblins
  3 rats
76 creatures vanquished.

Notes
Turn   | Place    | Note
-------+----------+-------------------------------------------
     0 | D:1      | AdnanSaban the Gargoyle Fighter began the quest for the
                  | Orb.
     0 | D:1      | Reached XP level 1. HP: 14/14 MP: 1/1
   532 | D:1      | Reached XP level 2. HP: 18/19 MP: 2/2
   773 | D:2      | Identified the +4 hand axe "Gidatoq" {holy, rF- rN++ MP+9
                  | Str+4}
   886 | D:2      | Reached XP level 3. HP: 19/23 MP: 3/3
  1005 | D:2      | Reached XP level 4. HP: 29/29 MP: 4/4
  1133 | D:2      | Found a faded altar of an unknown god.
  1546 | D:3      | Found a snail-covered altar of Cheibriados.
  1626 | D:3      | Reached skill level 4 in Armour
  1861 | D:4      | Found a staircase to the Ecumenical Temple.
  1932 | Temple   | Found a transporter.
  1932 | Temple   | Found a transporter.
  1932 | Temple   | Found a transporter.
  1932 | Temple   | Found a transporter.
  1932 | Temple   | Entered the Ecumenical Temple
  1947 | Temple   | Became a worshipper of Warmaster Okawaru
  2088 | D:4      | Reached XP level 5. HP: 33/33 MP: 5/5
  2771 | D:4      | Reached XP level 6. HP: 38/38 MP: 6/6
  3282 | D:5      | Entered Level 5 of the Dungeon
  3282 | D:5      | Noticed an ice beast
  3448 | D:4      | Killed an ice beast
  3449 | D:4      | Reached skill level 5 in Armour
  3480 | D:5      | Noticed a black bear
  3490 | D:4      | Reached * piety under Okawaru
  3526 | D:5      | Noticed a water moccasin
  3534 | D:4      | Reached XP level 7. HP: 6/44 MP: 7/7
  3538 | D:4      | Slain by a black bear

Illustrated notes

Levels and vault maps discovered:
D:1:      erik_arrival_cave_to_civilisation [erik_arrival_cave_to_hall],
          layout_basic, minivault_4
D:2:      layout_basic, dilly_ecumenical_altar_fadedgnrine,
          minmay_misc_feat_square, minmay_tetromino_t2
D:3:      layout_rooms, overflow_temple_1_default
D:4:      layout_basic, minmay_temple_entry_statues_pillars
D:5:      layout_cave_pools, grunt_ashenzari_visionary
          [grunt_ashenzari_visionary_swamp, grunt_ashenzari_visionary_spider]
Temple:   hellmonk_temple_divided_pantheon

Skill      XL: |  1  2  3  4  5  6 |
---------------+-------------------+-----
Maces & Flails | 3 4 |  4.9
Armour         | 4 5 |  5.2
Fighting       | 4 |  4.5
Shields        | 4 |  4.4
Dodging        | |  0.8

Action                     |  1- 3 |  4- 6 |  7- 9 || total
---------------------------+-------+-------+-------++-------
  Melee: Flail             |   111 |   158 |       ||   269
 Armour: Scale mail        |    89 |       |       ||    89
         Plate armour      |       |   138 |     7 ||   145
  Dodge: Dodged            |    85 |    72 |       ||   157
  Block: Buckler           |    27 |    50 |       ||    77

Table legend: (Time is in decaauts)
 A = Elapsed time spent in this place.
 B = Non-inter-level travel time spent in this place.
 C = Inter-level travel time spent in this place.
 D = Time resting spent in this place.
 E = Time spent auto-exploring this place.
 F = Levels seen in this place.
 G = Mean time per level.
                   A        B        C        D        E       F      G
               +--------+--------+--------+--------+--------+-----+--------+
         Total |   3618 |   3428 |    190 |    161 |   2633 |   6 |  603.0 |
       Dungeon |   3586 |   3417 |    169 |    161 |   2633 |   5 |  717.2 |
        Temple |     31 |     10 |     21 |      0 |      0 |   1 |   31.0 |
               +--------+--------+--------+--------+--------+-----+--------+

Top non-repeatable levels by time:
     D:4: 1656 daAuts
     D:2: 785 daAuts
     D:1: 664 daAuts
     D:3: 462 daAuts
  Temple: 31 daAuts
     D:5: 17 daAuts
